 Dungeon Crawl Stone Soup version 0.23.2 (webtiles) character file.

Game seed: 5356917495971962736

2459 esteth the Thaumaturge (level 9, -10/65 HPs)
             Began as a Gnoll Wizard on Apr 11, 2019.
             Was a Follower of Ashenzari.
             Mangled by a two-headed ogre
             ... wielding a cursed -2 giant spiked club
              (19 damage)
             ... on level 8 of the Dungeon.
             The game lasted 00:18:43 (8420 turns).

esteth the Thaumaturge (Gnoll Wizard)               Turns: 8420, Time: 00:18:44

Health: -10/65     AC:  3    Str: 10    XL:     9   Next: 50%
Magic:  8/21       EV: 17    Int: 23    God:    Ashenzari [*.....]
Gold:   371        SH:  0    Dex: 19    Spells: 13/24 levels left

rFire    . . .     SeeInvis .   x - +4 rapier (venom)
rCold    . . .     Gourm    .   (no shield)
rNeg     . . .     Faith    .   a - +0 robe
rPois    +         Spirit   .   b - +1 hat
rElec    .         Reflect  .   k - scarf {repulsion}
rCorr    .         Harm     .   (no gloves)
MR       .....                  (no boots)
Stlth    +++.......             u - amulet of rage
HPRegen  0.20/turn              t - ring of poison resistance (curse)
MPRegen  0.17/turn              v - +5 ring of dexterity (curse)

@: repel missiles
A: distributed training, fangs 1, strong nose
a: Curse Item, Scrying, Renounce Religion, Evoke Berserk Rage


You were on level 8 of the Dungeon.
You worshipped Ashenzari.
Ashenzari was aware of your devotion.
You were not hungry.

You visited 2 branches of the dungeon, and saw 9 of its levels.

You collected 371 gold pieces.

Inventory:

Hand Weapons
 c - a +0 dagger of venom
 i - a +0 club
 j - a +0 trident
 x - a +4 rapier of venom (weapon)
 F - the +11 whip "Novor" {slash, rElec rPois}
   (You found it on level 6 of the Dungeon)

   It inflicts extra damage upon your enemies.
   It insulates you from electricity.
   It protects you from poison.
Armour
 a - a +0 robe (worn)
 b - a +1 hat (worn)
 f - a +2 cloak
 k - a scarf of repulsion (worn)
 K - the cursed +0 helmet of Coriag {rCorr}
   (You found it on level 8 of the Dungeon)

   It provides partial protection from all sources of acid and corrosion.
   It has a curse placed upon it.
Jewellery
 q - an uncursed amulet of guardian spirit
 t - a cursed ring of poison resistance (left hand)
 u - an amulet of rage (around neck)
 v - a cursed +5 ring of dexterity (right hand)
 E - an uncursed ring of protection from fire
 I - an uncursed ring of resist corrosion
Wands
 o - a wand of iceblast (6)
 B - a wand of flame (40)
 G - a wand of disintegration (3)
Scrolls
 e - 2 scrolls of identify
 g - a scroll of noise {unknown}
 h - 3 scrolls of teleportation {unknown}
 l - a scroll of fear {unknown}
 m - a scroll of blinking {unknown}
 n - 4 scrolls of remove curse
 r - a scroll of amnesia {unknown}
 s - 2 scrolls of magic mapping {unknown}
 y - 3 scrolls of immolation {unknown}
 A - a scroll of enchant weapon {unknown}
 J - a scroll of random uselessness {unknown}
Potions
 p - a potion of flight {unknown}
 w - 2 potions of lignification {unknown}
 z - 5 potions of brilliance {unknown}
 C - 2 potions of curing {unknown}
 H - a potion of berserk rage {unknown}
Comestibles
 d - 3 rations


   Skills:
 + Level 4.2 Fighting
 + Level 4.2 Short Blades
 + Level 4.2 Long Blades
 + Level 4.2 Axes
 + Level 4.2 Maces & Flails
 + Level 4.2 Polearms
 + Level 4.2 Staves
 + Level 4.2 Slings
 + Level 4.2 Bows
 + Level 4.2 Crossbows
 + Level 4.2 Throwing
 + Level 4.2 Armour
 + Level 6.3 Dodging
 + Level 6.0 Stealth
 + Level 4.2 Shields
 + Level 4.2 Unarmed Combat
 + Level 8.4 Spellcasting
 + Level 4.1 Conjurations
 + Level 3.5 Hexes
 + Level 3.5 Charms
 + Level 4.1 Summonings
 + Level 3.5 Necromancy
 + Level 4.1 Translocations
 + Level 3.5 Transmutations
 + Level 3.5 Fire Magic
 + Level 3.5 Ice Magic
 + Level 3.5 Air Magic
 + Level 3.5 Earth Magic
 + Level 3.5 Poison Magic
 + Level 4.6 Invocations
 + Level 4.2 Evocations


You had 13 spell levels left.
You knew the following spells:

 Your Spells              Type           Power        Failure   Level  Hunger
a - Magic Dart            Conj           ####         1%          1    None
b - Blink                 Tloc           N/A          1%          2    None
c - Call Imp              Summ           ####....     1%          2    None
d - Conjure Flame         Conj/Fire      ####....     4%          3    None
e - Mephitic Cloud        Conj/Pois/Air  ####....     4%          3    None

Your spell library contained the following spells:

 Spells                   Type           Power        Failure   Level  Hunger
 Slow                     Hex            ####....     2%          2    None


Dungeon Overview and Level Annotations

Branches:
Dungeon (8/15)             Temple (1/1) D:5
   Lair: D:8-11

Altars:
Ashenzari
Cheibriados
Dithmenos
Elyvilon
Fedhas
Gozag
Hepliaklqana
Kikubaaqudgha
Makhleb
Okawaru
Qazlal
Ru
Sif Muna
Trog
Uskayaw
Vehumet
Wu Jian
Xom
Yredelemnul
Zin
The Shining One

Annotations:
D:2 1 exclusion


Innate Abilities, Weirdness & Mutations

Your experience applies equally to all skills.
You have very sharp teeth.
Your uncanny sense of smell can sniff out nearby items.


Message History

Your crimson imp completely misses the two-headed ogre.
Your crimson imp blinks!
Your white imp hits the two-headed ogre but does no damage.
You barely miss the two-headed ogre.
The two-headed ogre is lightly wounded.
The crimson imp blinks!
The two-headed ogre hits you with a cursed -2 giant spiked club!!
The two-headed ogre hits you with a +0 giant spiked club!!
* * * LOW HITPOINT WARNING * * *
Your crimson imp hits the two-headed ogre.
Your white imp gestures at the two-headed ogre.
The puff of frost hits the two-headed ogre.
The crimson imp grinds its teeth.
A gnoll comes into view. It is wielding a +0 halberd.
Your white imp gestures at the two-headed ogre.
The puff of frost hits the two-headed ogre!
Your crimson imp hits the two-headed ogre but does no damage.
The two-headed ogre barely misses you.
The two-headed ogre hits you with a +0 giant spiked club!!
You die...

#...(.......<..#######
#.....................
##÷####....#.##.######
#####.####.#..#.##.#
#........#.#..#.##.#
#.....##.#.#.##....#
#.....##.....>.#####
#....5##.#.#.#.#
#.......@....#'#
###.....gO5.....
#.....†5§......
#.....(5....<..#
#.........######
....###....g. ....
#.###.#. ... ... g# #
## ... #


You could see a two-headed ogre, a gnoll sergeant, 2 gnolls, a crimson imp, 2
friendly crimson imps and a friendly white imp.

Vanquished Creatures
  A hippogriff (D:7)
  2 hungry ghosts (D:7)
  Duvessa (D:4)
  A black bear (D:6)
  A sky beast (D:7)
  An ice beast (D:8)
  2 ogres
  4 bullfrogs
  Dowan (D:4)
  A scorpion (D:7)
  A howler monkey (D:7)
  3 wights (D:7)
  A crimson imp (D:6)
  5 hounds
  A bullfrog skeleton (D:4)
  3 orc priests
  7 orc wizards
  An iguana (D:6)
  Natasha (twice) (D:3)
  5 worker ants
  3 gnolls (D:6)
  9 adders
  2 shadow imps (D:5)
  2 oozes
  2 adder skeletons (D:5)
  4 worms
  A dart slug (D:2)
  10 leopard geckos
  26 orcs
  6 giant cockroaches
  8 goblins
  2 hobgoblins
  8 jackals
  6 kobolds
  4 quokkas
  2 ball pythons (D:3)
  4 bats
  7 frilled lizards
  2 jackal zombies (D:5)
  13 rats
165 creatures vanquished.

Vanquished Creatures (collateral kills)
  An iguana (D:6)
  An orc wizard (D:5)
  A gnoll (D:6)
  3 orcs
6 creatures vanquished.

Vanquished Creatures (others)
  An orc wizard (D:7)
1 creature vanquished.

Grand Total: 172 creatures vanquished

Notes
Turn   | Place    | Note
-------+----------+-------------------------------------------
     0 | D:1      | esteth the Gnoll Wizard began the quest for the Orb.
     0 | D:1      | Reached XP level 1. HP: 13/13 MP: 8/8
   244 | D:1      | Reached XP level 2. HP: 19/19 MP: 6/10
   248 | D:1      | Learned a level 2 spell: Blink
   251 | D:1      | Learned a level 2 spell: Call Imp
   978 | D:2      | Reached XP level 3. HP: 25/25 MP: 7/11
  1047 | D:2      | Learned a level 3 spell: Conjure Flame
  1051 | D:2      | Learned a level 3 spell: Mephitic Cloud
  1137 | D:2      | Reached skill level 1 in Invocations
  1329 | D:2      | Found a faded altar of an unknown god.
  1372 | D:2      | Reached skill level 1 in Fighting
  1372 | D:2      | Reached skill level 1 in Short Blades
  1372 | D:2      | Reached skill level 1 in Long Blades
  1372 | D:2      | Reached skill level 1 in Axes
  1372 | D:2      | Reached skill level 1 in Maces & Flails
  1372 | D:2      | Reached skill level 1 in Polearms
  1372 | D:2      | Reached skill level 1 in Staves
  1372 | D:2      | Reached skill level 1 in Slings
  1372 | D:2      | Reached skill level 1 in Bows
  1372 | D:2      | Reached skill level 1 in Crossbows
  1372 | D:2      | Reached skill level 1 in Throwing
  1372 | D:2      | Reached skill level 1 in Armour
  1372 | D:2      | Reached skill level 1 in Shields
  1372 | D:2      | Reached skill level 1 in Unarmed Combat
  1372 | D:2      | Reached skill level 1 in Evocations
  1485 | D:2      | Reached XP level 4. HP: 32/32 MP: 9/13
  1760 | D:3      | Reached skill level 1 in Hexes
  1760 | D:3      | Reached skill level 1 in Charms
  1760 | D:3      | Reached skill level 1 in Necromancy
  1760 | D:3      | Reached skill level 1 in Transmutations
  1760 | D:3      | Reached skill level 1 in Fire Magic
  1760 | D:3      | Reached skill level 1 in Ice Magic
  1760 | D:3      | Reached skill level 1 in Air Magic
  1760 | D:3      | Reached skill level 1 in Earth Magic
  1760 | D:3      | Reached skill level 1 in Poison Magic
  1800 | D:2      | Reached XP level 5. HP: 12/37 MP: 1/14
  2599 | D:3      | Noticed Natasha
  2614 | D:3      | Killed Natasha
  2631 | D:3      | Noticed Natasha
  2638 | D:3      | Killed Natasha
  2638 | D:3      | Reached XP level 6. HP: 40/44 MP: 16/16
  3286 | D:3      | Reached skill level 5 in Dodging
  3782 | D:4      | Found a white marble altar of Elyvilon.
  3833 | D:4      | Reached XP level 7. HP: 35/50 MP: 10/18
  4723 | D:4      | Found a sacrificial altar of Ru.
  4730 | D:4      | Found a blossoming altar of Fedhas.
  4730 | D:4      | Found a stormy altar of Qazlal.
  4810 | D:4      | Noticed Duvessa
  4837 | D:4      | Killed Duvessa
  4851 | D:4      | Noticed Dowan
  4859 | D:4      | Killed Dowan
  4859 | D:4      | Reached skill level 5 in Stealth
  5045 | D:5      | Entered Level 5 of the Dungeon
  5419 | D:5      | Reached XP level 8. HP: 57/57 MP: 19/19
  5532 | D:5      | Found a staircase to the Ecumenical Temple.
  5543 | Temple   | Entered the Ecumenical Temple
  5563 | Temple   | Became a worshipper of Ashenzari the Shackled
  6155 | D:6      | Got the whip "Novor" {slash, rElec rPois}
  6597 | D:6      | Reached skill level 8 in Spellcasting
  6630 | D:6      | Reached * piety under Ashenzari
  7355 | D:7      | Reached XP level 9. HP: 58/65 MP: 18/21
  8098 | D:7      | Found an iron altar of Okawaru.
  8163 | D:8      | Got the cursed helmet of Coriag {rCorr}
  8171 | D:8      | Noticed a two-headed ogre
  8420 | D:8      | Mangled by a two-headed ogre

Skill      XL: |  1  2  3  4  5  6  7  8  9 |
---------------+----------------------------+-----
Conjurations   | 2 3 4 |  4.1
Summonings     | 2 3 4 |  4.1
Translocations | 2 3 4 |  4.1
Invocations    | 1 2 3 4 |  4.6
Fighting       | 1 2 3 4 |  4.2
Short Blades   | 1 2 3 4 |  4.2
Long Blades    | 1 2 3 4 |  4.2
Axes           | 1 2 3 4 |  4.2
Maces & Flails | 1 2 3 4 |  4.2
Polearms       | 1 2 3 4 |  4.2
Staves         | 1 2 3 4 |  4.2
Slings         | 1 2 3 4 |  4.2
Bows           | 1 2 3 4 |  4.2
Crossbows      | 1 2 3 4 |  4.2
Throwing       | 1 2 3 4 |  4.2
Armour         | 1 2 3 4 |  4.2
Shields        | 1 2 3 4 |  4.2
Unarmed Combat | 1 2 3 4 |  4.2
Evocations     | 1 2 3 4 |  4.2
Hexes          | 1 2 3 |  3.5
Charms         | 1 2 3 |  3.5
Necromancy     | 1 2 3 |  3.5
Transmutations | 1 2 3 |  3.5
Fire Magic     | 1 2 3 |  3.5
Ice Magic      | 1 2 3 |  3.5
Air Magic      | 1 2 3 |  3.5
Earth Magic    | 1 2 3 |  3.5
Poison Magic   | 1 2 3 |  3.5
Dodging        | 5 6 |  6.3
Stealth        | 5 6 |  6.0
Spellcasting   | 8 |  8.4

Action                   |  1- 3 |  4- 6 |  7- 9 || total
-------------------------+-------+-------+-------++-------
Melee: Club              |    20 |     3 |       ||    23
       Bite              |     1 |     6 |    33 ||    40
       Dagger            |       |    80 |    44 ||   124
       Punch             |       |     1 |     3 ||     4
       Rapier            |       |       |   224 ||   224
 Cast: Magic Dart        |    76 |    88 |    38 ||   202
       Mephitic Cloud    |       |     8 |    12 ||    20
       Call Imp          |       |     3 |    26 ||    29
       Conjure Flame     |       |       |     2 ||     2
Invok: Curse Item        |       |       |     2 ||     2
Evoke: Wand              |       |       |     1 ||     1
  Use: Scroll            |       |     5 |     1 ||     6
       Potion            |       |     1 |       ||     1
 Stab: Sleeping          |     1 |     5 |     7 ||    13
       Confused          |       |     1 |     4 ||     5
  Eat: Chunk             |     2 |     5 |    10 ||    17
       Ration            |       |     1 |     3 ||     4
Armor: Robe              |     2 |    14 |    23 ||    39
Dodge: Dodged            |    44 |    70 |   227 ||   341
       Deflected         |       |       |     2 ||     2
